 Dungeon Crawl Stone Soup version 0.30-a0-313-gae38170b09 (webtiles) character file.

Game seed: 4440085668199043646

410 Biblin the Chopper (level 6, -33/56 HPs)
             Began as a Hill Orc Fighter on Oct 26, 2022.
             Killed from afar by a Hell Sentinel (58 damage)
             ... with damnation
             ... on level 2 of the Abyss.
             The game lasted 00:11:24 (3661 turns).

Biblin the Chopper (Hill Orc Fighter)               Turns: 3661, Time: 00:11:25

Health: -33/56     AC:  9    Str: 21    XL:     6   Next: 89%
Magic:  6/6        EV:  7    Int:  8    God:
Gold:   208        SH:  5    Dex: 10    Spells: 5/5 levels left

rFire   . . .      SeeInvis .    a - +0 war axe
rCold   . . .      Faith    .    c - +1 buckler
rNeg    . . .      Spirit   .    n - +0 chain mail
rPois   .          Reflect  .    (no helmet)
rElec   .          Harm     .    (no cloak)
rCorr   .          Rampage  .    (no gloves)
Will    .....                    (no boots)
Stlth   ..........               (no amulet)
HPRegen 0.29/turn                (no ring)
MPRegen 0.10/turn                (no ring)

@: no status effects
A: no striking features
a: no special abilities


You were on level 2 of the Abyss.
You visited 1 branch of the dungeon, and saw 4 of its levels.
You visited the Abyss 1 time.
You also visited: Sewer.

You collected 208 gold pieces.

Inventory:

Hand Weapons
 a - a +0 war axe (weapon)
 i - a +0 sling of electrocution
Armour
 c - a +1 buckler (worn)
 n - a +0 chain mail (worn)
Magical Staves
 f - a staff of poison
Scrolls
 g - a scroll of magic mapping
 q - a scroll of fog {unknown}
Potions
 b - a potion of cancellation {unknown}
 d - 4 potions of magic
 e - a potion of flight
 h - 2 potions of heal wounds
 j - 2 potions of attraction
 k - a potion of mutation
 l - a potion of ambrosia {unknown}
 m - a potion of invisibility {unknown}
 o - a potion of haste {unknown}
 p - a potion of brilliance {unknown}


   Skills:
 * Level 5.1 Fighting
 * Level 6.7 Axes
 * Level 4.6 Armour
 * Level 4.2 Shields


You had 5 spell levels left.
You didn't know any spells.
Your spell library contained the following spells:

 Spells                   Type           Power      Damage    Failure   Level
 Kiss of Death            Conj/Necr      0%         2d5       99%         1
 Sting                    Tmut/Pois      0%         1d3       99%         1
 Poisonous Vapours        Pois/Air       0%         N/A       100%        2
 Confusing Touch          Hex            0%         N/A       100%        3
 Dispel Undead            Necr           0%         3d6       100%        4
 Olgreb's Toxic Radiance  Pois           0%         N/A       100%        4


Dungeon Overview and Level Annotations

Branches:
Dungeon (4/15)              Sewer (visited)
 Temple: D:4-7

Altars:
Ashenzari
Fedhas

Annotations:
D:4 exclusion: oklob plant


Message History

The quasit claws you but does no damage.
You block the quasit's attack. The quasit bites you.
The quasit claws you but does no damage.
The quasit closely misses you.
You miss the quasit. The quasit barely misses you. x2
The quasit completely misses you.
You barely miss the quasit.
The quasit bites you but does no damage.
You block the quasit's attack.
The quasit claws you but does no damage.
The quasit bites you but does no damage.
The quasit claws you but does no damage.
You block the quasit's attack.
You closely miss the quasit.
The quasit bites you but does no damage.
You block the quasit's attack. x2
You slash the quasit!
The quasit is almost dead.
The quasit barely misses you.
The quasit claws you but does no damage.
The quasit claws you. You block the quasit's attack.
The quasit claws you but does no damage. x2
You miss the quasit.
The quasit is severely wounded.
The quasit bites you but does no damage.
The quasit claws you but does no damage. x2
The quasit bites you but does no damage.
You block the quasit's attack. The quasit completely misses you.
You hit the quasit.
You kill the quasit!
There is a gateway leading deeper into the Abyss here.
A Hell Sentinel comes into view.
The Hell Sentinel roars!
The Hell Sentinel gestures at you.
The sphere of damnation explodes!
The damnation engulfs you!!
A centaur warrior zombie comes into view.
The Hell Sentinel gestures at you.
The sphere of damnation explodes!
The damnation engulfs you!!!
Ouch! That really hurt!
You die...

#....###. .#.#.
.. #..Z..#. # .
. .... .
#...... #.#
..#... #.....
#.# #.... .
#.... .
#..#.######
#..1## #.##.#
.#.> .
#....####. ..
...##....
###...#.#.###.
.. . ..#
#...@.#
...#.#.##...
#.####.#
>....#... . ##
##..#.##.....#.
... #
....#..##... ..
# #.#.####.###
# # ....# . .
###### #


You could see a Hell Sentinel.

Vanquished Creatures
  A quasit (Abyss:2)
  A jelly (Sewer)
  An orc priest (D:3)
  An iguana (D:4)
  2 orc wizards
  8 adders
  3 river rats
  8 worms
  4 dart slugs
  17 orcs
  7 ball pythons
  12 endoplasms
  6 giant cockroaches
  4 goblins
  5 hobgoblins
  3 jackals (D:1)
  7 kobolds
  A quokka (D:2)
  5 bats
  7 frilled lizards
  A rat (D:2)
104 creatures vanquished.

Notes
Turn   | Place    | Note
-------+----------+-------------------------------------------
     0 | D:1      | Biblin the Hill Orc Fighter began the quest for the Orb.
     0 | D:1      | Reached XP level 1. HP: 19/19 MP: 1/1
   139 | D:1      | Reached XP level 2. HP: 24/27 MP: 2/2
   384 | D:1      | Reached skill level 3 in Axes
   485 | D:2      | Reached XP level 3. HP: 23/33 MP: 3/3
   732 | D:2      | Found a broken altar of Ashenzari.
   867 | D:2      | Reached XP level 4. HP: 30/40 MP: 4/4
   976 | D:2      | Reached skill level 4 in Axes
  1604 | D:3      | Reached XP level 5. HP: 38/47 MP: 5/5
  1633 | D:3      | Reached skill level 5 in Axes
  2462 | D:4      | Reached XP level 6. HP: 47/55 MP: 6/6
  2477 | D:4      | Found a glowing drain.
  2498 | Sewer    | Entered a sewer
  2590 | Sewer    | Reached skill level 6 in Axes
  2676 | Sewer    | Reached skill level 5 in Fighting
  2815 | Sewer    | Found a viscous altar of Jiyva.
  2994 | D:4      | Found a blossoming altar of Fedhas.
  3017 | D:4      | Noticed an oklob plant
  3564 | Abyss:1  | Cast into level 1 of the Abyss (orc wizard)
  3582 | Abyss:1  | Noticed a wretched star
  3588 | Abyss:1  | Found a corrupted altar of Lugonu.
  3655 | Abyss:2  | Noticed a Hell Sentinel
  3661 | Abyss:2  | Killed from afar by a Hell Sentinel

Illustrated notes

Levels and vault maps discovered:
D:1:      doesnt_arrival_eight_statues, layout_rooms
D:2:      layout_loops_ring, basic_altar, grunt_ministairs_7
D:3:      layout_basic
D:4:      layout_basic, tgw_fedhas, led_sif_book, cheibrodos_sewer_entry_sluice,
          feat_on_display
Abyss:2:  base:
D:3

Skill      XL: |  1  2  3  4  5  6 |
---------------+-------------------+-----
Axes           | 3 4 5 6 |  6.7
Fighting       | 4 5 |  5.1
Armour         | 4 |  4.6
Shields        | 4 |  4.2

Action                   |  1- 3 |  4- 6 || total
-------------------------+-------+-------++-------
Melee: War axe           |    89 |   244 ||   333
  Use: Scroll            |     7 |     7 ||    14
       Potion            |       |     2 ||     2
Armor: Scale mail        |    37 |    79 ||   116
       Chain mail        |       |    59 ||    59
Dodge: Dodged            |    50 |    89 ||   139
Block: Buckler           |    17 |    58 ||    75

Table legend: (Time is in decaauts)
 A = Elapsed time spent in this place.
 B = Non-inter-level travel time spent in this place.
 C = Inter-level travel time spent in this place.
 D = Time resting spent in this place.
 E = Time spent auto-exploring this place.
 F = Levels seen in this place.
 G = Mean time per level.
                   A        B        C        D        E       F      G
               +--------+--------+--------+--------+--------+-----+--------+
         Total |   3781 |   3592 |    189 |    497 |   2120 |   7 |  540.1 |
       Dungeon |   3239 |   3050 |    189 |    376 |   1954 |   4 |  809.8 |
         Abyss |     98 |     98 |      0 |      0 |     17 |   2 |   49.0 |
         Sewer |    444 |    444 |      0 |    121 |    149 |   1 |  444.0 |
               +--------+--------+--------+--------+--------+-----+--------+

Top non-repeatable levels by time:
     D:3: 1159 daAuts
     D:2: 999 daAuts
     D:4: 592 daAuts
     D:1: 487 daAuts
   Sewer: 444 daAuts
 Abyss:2: 57 daAuts
 Abyss:1: 40 daAuts
